 Dungeon Crawl Stone Soup version 0.29-a0-341-g24ffce5b50 (webtiles) character file.

Game seed: 6572727542810330426

373 Flugkiller the Chopper (level 6, -4/51 HPs)
             Began as a Palentonga Chaos Knight on Apr 20, 2022.
             Was a Plaything of Xom.
             Slain by a shadow imp (5 damage)
             ... summoned by Xom
             ... on level 3 of the Dungeon.
             The game lasted 00:01:16 (1631 turns).

Flugkiller the Chopper (Palentonga Chaos Knight)    Turns: 1631, Time: 00:01:17

Health: -4/51      AC: -4    Str: 13 (15) XL:     6   Next: 43%
Magic:  15/15      EV:  9    Int: 10 (12) God:    Xom [......]
Gold:   137        SH:  0    Dex: 10 (12) Spells: 5/5 levels left

rFire   . . .      SeeInvis +   a - +0 hand axe (chaos)
rCold   . . .      Faith    .   (no shield)
rNeg    . . .      Spirit   .   b - +2 leather armour
rPois   .          Reflect  .   (no helmet)
rElec   .          Harm     .   (no cloak)
rCorr   .          Rampage  .   (no gloves)
Will    +....                   (no barding)
Stlth   +.........              o - amulet of the acrobat
HPRegen 0.17/turn               m - ring of willpower
MPRegen 0.14/turn               p - ring of magical power

@: corroded
A: large, rugged brown scales 3, see invisible, deformed body, roll 1, armoured
tail
a: Rolling Charge, Renounce Religion


You were on level 3 of the Dungeon.
You worshipped Xom.
You were a very special plaything of Xom.
You visited 1 branch of the dungeon, and saw 3 of its levels.

You collected 137 gold pieces.

Inventory:

Hand Weapons
 a - a +0 hand axe of chaos (weapon)
Armour
 b - a +2 leather armour (worn)
Jewellery
 m - a ring of willpower (left hand)
   (You found it on level 1 of the Dungeon)
 o - an amulet of the acrobat (around neck)
   (You found it on level 2 of the Dungeon)
 p - a ring of magical power (right hand)
   (You found it on level 2 of the Dungeon)
Wands
 l - a wand of charming (6)
   (You found it on level 2 of the Dungeon)
Scrolls
 d - a scroll of silence {unknown}
 h - a scroll of vulnerability {unknown}
 j - a scroll of identify {unknown}
 k - a scroll of blinking {unknown}
 q - a scroll of teleportation {unknown}
 r - a scroll of fear {unknown}
Potions
 e - a potion of magic {unknown}
 f - a potion of degeneration
 g - a potion of resistance {unknown}
 i - 2 potions of flight {unknown}
 n - 3 potions of curing {unknown}
Miscellaneous
 c - a piece from Xom's chessboard (15/15) (quivered)


   Skills:
 - Level 4.0 Fighting
 + Level 5.3 Axes
 + Level 3.8 Armour
 - Level 0.7 Dodging


You had 5 spell levels left.
You didn't know any spells.
Your spell library contained the following spells:

 Spells                   Type           Power      Damage    Failure   Level
 Sandblast                Erth           0%         2d4       43%         1
 Passwall                 Tmut/Erth      0%         N/A       56%         2
 Call Canine Familiar     Summ           0%         N/A       80%         3
 Dazzling Flash           Conj/Hex       0%         N/A       80%         3
 Portal Projectile        Hex/Tloc       0%         N/A       80%         3
 Stone Arrow              Conj/Erth      0%         3d7       80%         3
 Iskenderun's Mystic Bla  Conj/Tloc      0%         2d3       99%         4
 Leda's Liquefaction      Hex/Erth       0%         N/A       99%         4
 Starburst                Conj/Fire      0%         6d3       100%        6


Dungeon Overview and Level Annotations

Branches:
Dungeon (3/15)

Altars:


Innate Abilities, Weirdness & Mutations

You are completely covered in rugged brown scales. (AC +3, +7% HP)
You have supernaturally acute eyesight. (SInv)
Armour fits poorly on your strangely shaped body.
You can roll at nearby foes to attack.
You have a long armoured tail.


Message History

The hound is moderately wounded.
The hound bites you but does no damage. The hound closely misses you.
You hit the hound but do no damage.
You tail-slap the hound, but do no damage.
The hound is moderately wounded.
You closely miss the kobold. The hound bites you but does no damage.
The dart slug launches a dart at you. The slug dart hits you.
The kobold hits you but does no damage.
You hit the hound.
The hound resists with some effort.
The hound is heavily wounded.
You hit the kobold.
You kill the kobold!
The hound bites you. The hound closely misses you.
You closely miss the hound.
The hound is heavily wounded.
The hound barely misses you. The hound bites you.
You hit the hound.
The hound is poisoned.
The hound is heavily wounded.
You hit the dart slug but do no damage.
The dart slug is poisoned.
The hound bites you but does no damage. The dart slug barely misses you.
You barely miss the hound.
The hound is severely wounded.
You hit the dart slug.
The hound bites you but does no damage. x2
You closely miss the hound. You tail-slap the hound.
Your punch misses the hound.
The hound is almost dead.
You hit the dart slug.
You kill the dart slug!
You kill the hound!
Your Axes skill increases to level 5!
No target in view!
No target in view!
No target in view!
No target in view!
No target in view!
No target in view!
No target in view!
No target in view!
No target in view!
No target in view!
You now have 130 gold pieces (gained 6).
Found a stone staircase leading down.
There is a stone staircase leading down here.
HP restored.
Found a whip.
You see here a +0 whip.
Found a stone staircase leading up.
You now have 137 gold pieces (gained 7).
A scorpion comes into view.
You hit the scorpion. You burn the scorpion.
The scorpion is moderately wounded.
The scorpion stings you.
You are poisoned.
The scorpion poisons you!
You closely miss the scorpion.
Your tail-slap misses the scorpion.
The scorpion is lightly wounded.
You feel sick. The scorpion stings you. The scorpion closely misses you.
You hit the scorpion but do no damage.
Your tail-slap misses the scorpion.
The scorpion is lightly wounded.
You feel sick. "Fight to survive, mortal."
The scorpion stings you.
You hit the scorpion but do no damage. Lightning courses through the scorpion!
Your tail-slap misses the scorpion.
The scorpion is almost dead.
You feel sick. The scorpion completely misses you.
You hit the scorpion but do no damage.
The scorpion is almost dead.
You closely miss the crimson imp. You hit the rust devil.
You feel sick. The scorpion barely misses you.
The crimson imp summons a swarm of flies.
The crimson imp closely misses you. The rust devil hits you!
The rust devil corrodes you!
You are too injured to fight recklessly!
You are too injured to fight recklessly!
You are too injured to fight recklessly!
You are too injured to fight recklessly!
You are too injured to fight recklessly!
You are too injured to fight recklessly!
You are too injured to fight recklessly!
Unknown command.
You hit the scorpion but do no damage.
The scorpion is poisoned.
The scorpion is almost dead.
You hit the crimson imp.
The crimson imp is moving more slowly.
You barely miss the iron imp. You closely miss the rust devil.
You feel sick.
You kill the scorpion!
The iron imp hits you! The crimson imp hits you. The rust devil hits you.
The rust devil corrodes you!
Unknown command.
Okay, then.
It was a potion of degeneration.
There was something very wrong with that liquid.
You feel weakened.
You feel dopey.
You feel clumsy.
You feel sick.
You are no longer poisoned.
The iron imp barely misses you. The crimson imp hits you.
* * * LOW HITPOINT WARNING * * *
The rust devil hits you!
* * * LOW HITPOINT WARNING * * *
The rust devil corrodes you! The shadow imp hits you.
You die...

#.## ##.#
####..# #
#....##
..##
#.####
#....###.#
#.....#
###.55#
#.4@#
#.#5#
...#..
#..#####.
#.# .# ...
# .#


You could see a rust devil (summoned), an iron imp (summoned), a crimson imp
(summoned, petrifying) and a shadow imp (summoned).

Vanquished Creatures
  A centaur (D:2)
  A scorpion (D:3)
  A hound (D:3)
  A dart slug (D:3)
  3 bats
  5 endoplasms
  3 giant cockroaches (D:1)
  8 goblins
  4 hobgoblins
  2 ball pythons (D:2)
  A frilled lizard (D:1)
  5 kobolds
  3 rats
38 creatures vanquished.

Vanquished Creatures (collateral kills)
  Sigmund (D:2)
  An endoplasm (D:2)
  A hobgoblin (D:2)
  A bat (D:2)
  A frilled lizard (D:2)
  A rat (D:2)
6 creatures vanquished.

Grand Total: 44 creatures vanquished

Notes
Turn   | Place    | Note
-------+----------+-------------------------------------------
     0 | D:1      | Flugkiller the Palentonga Chaos Knight began the quest for
                  | the Orb.
     0 | D:1      | Reached XP level 1. HP: 19/19 MP: 1/1
   119 | D:1      | XOM: silly message
   123 | D:1      | Reached XP level 2. HP: 23/25 MP: 2/2
   131 | D:1      | XOM: silly message
   543 | D:1      | XOM: silly message
   730 | D:2      | XOM: noise
   763 | D:2      | XOM: silly message
   810 | D:2      | Noticed a centaur
   810 | D:2      | a worm changed into a centaur
   814 | D:2      | Killed a centaur
   815 | D:2      | Reached skill level 4 in Axes
   815 | D:2      | Reached XP level 3. HP: 31/32 MP: 3/3
   815 | D:2      | Reached XP level 4. HP: 38/39 MP: 4/4
   851 | D:2      | XOM: silly message
   897 | D:2      | Noticed Sigmund
   914 | D:2      | Killed Sigmund
   915 | D:2      | Reached XP level 5. HP: 35/44 MP: 5/5
   915 | D:2      | Reached XP level 6. HP: 41/51 MP: 6/6
   997 | D:2      | XOM: noise
  1467 | D:2      | XOM: god gift: 10 gold pieces
  1541 | D:3      | Found a faded altar of an unknown god.
  1542 | D:3      | XOM: polymorph frilled lizard -> dart slug
  1555 | D:3      | Reached skill level 5 in Axes
  1627 | D:3      | XOM: summons 4 hostile demons
  1628 | D:3      | Noticed a rust devil
  1631 | D:3      | HP: 1/51 [rust devil[Xom] (11)]
  1631 | D:3      | Slain by a shadow imp

Illustrated notes

Levels and vault maps discovered:
D:1:      elethiomel_arrival_quiet, layout_basic
D:2:      layout_basic, uniq_sigmund
D:3:      layout_rooms, chequers_ecumenical_altar_simple

Skill      XL: |  1  2  3  4  5  6 |
---------------+-------------------+-----
Fighting       | 4 |  4.0
Axes           | 4 5 |  5.3
Armour         | 2 3 |  3.8
Dodging        | |  0.7

Action                   |  1- 3 |  4- 6 || total
-------------------------+-------+-------++-------
Melee: Hand axe          |    61 |    39 ||   100
       Tailslap          |     7 |     4 ||    11
Evoke: Wand              |       |     1 ||     1
  Use: Potion            |       |     1 ||     1
Armor: Leather armour    |    35 |    21 ||    56
Dodge: Dodged            |    31 |    24 ||    55

Table legend: (Time is in decaauts)
 A = Elapsed time spent in this place.
 B = Non-inter-level travel time spent in this place.
 C = Inter-level travel time spent in this place.
 D = Time resting spent in this place.
 E = Time spent auto-exploring this place.
 F = Levels seen in this place.
 G = Mean time per level.
                   A        B        C        D        E       F      G
               +--------+--------+--------+--------+--------+-----+--------+
         Total |   1640 |   1608 |     32 |      0 |   1312 |   3 |  546.7 |
       Dungeon |   1640 |   1608 |     32 |      0 |   1312 |   3 |  546.7 |
               +--------+--------+--------+--------+--------+-----+--------+

Top non-repeatable levels by time:
     D:2: 812 daAuts
     D:1: 735 daAuts
     D:3: 91 daAuts
